| TOP OF THE 1ST |
|
Cincinnati Reds batting - Pitching for Los Angeles Dodgers : RHP Justin Scheithauer
|
|
Pitching: RHP Justin Scheithauer
|
|
|
Batting: LHB Jon Ledesma
|
0-0: Ball 1-0: Ground out 4-3 (Groundball, 4, EV 106.9 MPH)
|
|
Batting: SHB Dave Barefoot
|
0-0: Ball 1-0: Fly out, F4 (Line Drive, 4, EV 73.8 MPH)
|
|
Batting: LHB Jake Bill
|
0-0: Ball 1-0: Swinging Strike 1-1: SINGLE (Groundball, 6MD, EV 93.8 MPH)
|
|
Batting: RHB Willie Cardamone
|
0-0: Ball 1-0: Ball 2-0: Foul Ball, location: 2F 2-1: Ball 3-1: Fly out, F4 (Popup, 4S, EV 82.5 MPH)
|
| Top of the 1st over - 0 runs, 1 hit, 0 errors, 1 left on base; Cincinnati 0 - Los Angeles 0 |
| BOTTOM OF THE 1ST |
|
Los Angeles Dodgers batting - Pitching for Cincinnati Reds : RHP Curt Stevens
|
|
Pitching: RHP Curt Stevens
|
|
|
Batting: RHB Jorge Severiano
|
0-0: Called Strike 0-1: Fly out, F8 (Flyball, 8LS, EV 80.6 MPH)
|
|
Batting: LHB Chris Ringwood
|
0-0: Ball 1-0: Swinging Strike 1-1: Ball 2-1: Ball 3-1: Called Strike 3-2: Strikes out swinging
|
|
Batting: LHB Bob Branham
|
0-0: Ball 1-0: SOLO HOME RUN (Flyball, 9LD, EV 96.3 MPH), Distance : 371 ft
|
|
Batting: LHB Lirak Bazhunaishvili
|
0-0: Ground out 4-3 (Groundball, 4, EV 78.1 MPH)
|
| Bottom of the 1st over - 1 run, 1 hit, 0 errors, 0 left on base; Cincinnati 0 - Los Angeles 1 |
| TOP OF THE 2ND |
|
Cincinnati Reds batting - Pitching for Los Angeles Dodgers : RHP Justin Scheithauer
|
|
Batting: SHB Saulo Maina
|
0-0: Foul Ball, location: 2F 0-1: Fly out, F5 (Popup, 5F, EV 78.8 MPH)
|
|
Batting: LHB Jesus Lozano
|
0-0: Called Strike 0-1: Ball 1-1: Swinging Strike 1-2: Fly out, F9 (Line Drive, 9, EV 93.8 MPH)
|
|
Batting: LHB Sean Geisler
|
0-0: Called Strike 0-1: Foul Ball, location: 2F 0-2: Ball 1-2: Ball 2-2: Ball 3-2: Ground out 4-3 (Groundball, 4, EV 91.9 MPH)
|
| Top of the 2nd over - 0 runs, 0 hits, 0 errors, 0 left on base; Cincinnati 0 - Los Angeles 1 |
| BOTTOM OF THE 2ND |
|
Los Angeles Dodgers batting - Pitching for Cincinnati Reds : RHP Curt Stevens
|
|
Batting: RHB Clay Buchanan
|
0-0: Ball 1-0: Swinging Strike 1-1: Foul Ball, location: 2F 1-2: Fly out, F1 (Line Drive, P, EV 70.6 MPH)
|
|
Batting: LHB Ryan Taylor
|
0-0: Called Strike 0-1: Fly out, F8 (Flyball, 8RD, EV 92.5 MPH)
|
|
Batting: RHB Tsutomu Irie
|
0-0: Called Strike 0-1: Ball 1-1: Ball 2-1: Foul Ball, location: 2F 2-2: Foul Ball, location: 2F 2-2: Strikes out swinging
|
| Bottom of the 2nd over - 0 runs, 0 hits, 0 errors, 0 left on base; Cincinnati 0 - Los Angeles 1 |
| TOP OF THE 3RD |
|
Cincinnati Reds batting - Pitching for Los Angeles Dodgers : RHP Justin Scheithauer
|
|
Batting: RHB Fred Slade
|
0-0: Called Strike 0-1: Fly out, F9 (Flyball, 89M, EV 96.3 MPH)
|
|
Batting: LHB Andy Arbuckle
|
0-0: Foul Ball, location: 2F 0-1: Foul Ball, location: 2F 0-2: Foul Ball, location: 2F 0-2: Strikes out swinging
|
|
Batting: LHB Jon Ledesma
|
0-0: Fly out, F8 (Line Drive, 8RD, EV 94.4 MPH)
|
| Top of the 3rd over - 0 runs, 0 hits, 0 errors, 0 left on base; Cincinnati 0 - Los Angeles 1 |
| BOTTOM OF THE 3RD |
|
Los Angeles Dodgers batting - Pitching for Cincinnati Reds : RHP Curt Stevens
|
|
Batting: RHB Ben Mischnick
|
0-0: Called Strike 0-1: Called Strike 0-2: Ball 1-2: Foul Ball, location: 2F 1-2: Foul Ball, location: 2F 1-2: Ball 2-2: SINGLE (Groundball, 4D, EV 106.9 MPH)
|
|
Batting: RHB Edwin Soto
|
0-0: Ball 1-0: Ball 2-0: Foul Ball, location: 2F 2-1: Foul Ball, location: 2F 2-2: Ball 3-2: Strikes out looking
|
|
Batting: RHB Jorge Severiano
|
0-0: Foul Ball, location: 2F 0-1: Ball 1-1: Foul Ball, location: 2F 1-2: 2-RUN HOME RUN (Line Drive, 7LD, EV 90.6 MPH), Distance : 338 ft
|
|
Batting: LHB Chris Ringwood
|
0-0: Called Strike 0-1: Foul Ball, location: 2F 0-2: Foul Ball, location: 2F 0-2: Strikes out looking
|
|
Batting: LHB Bob Branham
|
0-0: Swinging Strike 0-1: DOUBLE (Flyball, 7LD, EV 109.4 MPH)
|
|
Batting: LHB Lirak Bazhunaishvili
|
0-0: Foul Ball, location: 2F 0-1: Ball 1-1: Ball 2-1: Ball 3-1: Called Strike 3-2: Foul Ball, location: 2F 3-2: Base on Balls
|
|
Batting: RHB Clay Buchanan
|
0-0: Foul Ball, location: 2F 0-1: Swinging Strike 0-2: Ball 1-2: Strikes out swinging
|
| Bottom of the 3rd over - 2 runs, 3 hits, 0 errors, 2 left on base; Cincinnati 0 - Los Angeles 3 |
| TOP OF THE 4TH |
|
Cincinnati Reds batting - Pitching for Los Angeles Dodgers : RHP Justin Scheithauer
|
|
Batting: SHB Dave Barefoot
|
0-0: Called Strike 0-1: SOLO HOME RUN (Line Drive, 9LD, EV 91.3 MPH), Distance : 345 ft
|
|
Batting: LHB Jake Bill
|
0-0: Ball 1-0: Ball 2-0: Foul Ball, location: 2F 2-1: Swinging Strike 2-2: Foul Ball, location: 2F 2-2: SINGLE (Line Drive, 8LS, EV 88.1 MPH)
|
|
Batting: RHB Willie Cardamone
|
0-0: Ball 1-0: Ball 2-0: Called Strike 2-1: Ball 3-1: Called Strike 3-2: Foul Ball, location: 2F 3-2: Foul Ball, location: 2F 3-2: DOUBLE (Line Drive, 89XD, EV 106.9 MPH) Jake Bill to third
|
|
Batting: SHB Saulo Maina
|
0-0: Hit by Pitch
|
|
Batting: LHB Jesus Lozano
|
0-0: Ball 1-0: Grounds into double play, 4-6-3 (Groundball, 4D, EV 84.4 MPH) Jake Bill scores Willie Cardamone to third
|
|
Batting: LHB Sean Geisler
|
0-0: Called Strike 0-1: SINGLE (Line Drive, 6MD, EV 96.9 MPH) Willie Cardamone scores
|
|
Batting: RHB Fred Slade
|
0-0: Ball 1-0: Ball 2-0: Foul Ball, location: 2F 2-1: Swinging Strike 2-2: Foul Ball, location: 2F 2-2: Hit by Pitch Sean Geisler to second
|
|
Batting: LHB Andy Arbuckle
|
0-0: Swinging Strike 0-1: Ball 1-1: Ball 2-1: Ball 3-1: Base on Balls Sean Geisler to third Fred Slade to second
|
|
Batting: LHB Jon Ledesma
|
0-0: Ground out U3 (Groundball, 3, EV 105.6 MPH)
|
| Top of the 4th over - 3 runs, 4 hits, 0 errors, 3 left on base; Cincinnati 3 - Los Angeles 3 |
| BOTTOM OF THE 4TH |
|
Los Angeles Dodgers batting - Pitching for Cincinnati Reds : RHP Curt Stevens
|
|
Batting: LHB Ryan Taylor
|
0-0: Ball 1-0: Called Strike 1-1: Fly out, F8 (Flyball, 8RM, EV 86.3 MPH)
|
|
Batting: RHB Tsutomu Irie
|
0-0: Ball 1-0: Ball 2-0: Called Strike 2-1: Called Strike 2-2: Strikes out swinging
|
|
Batting: RHB Ben Mischnick
|
0-0: Called Strike 0-1: Swinging Strike 0-2: Strikes out looking
|
| Bottom of the 4th over - 0 runs, 0 hits, 0 errors, 0 left on base; Cincinnati 3 - Los Angeles 3 |
| TOP OF THE 5TH |
|
Cincinnati Reds batting - Pitching for Los Angeles Dodgers : RHP Justin Scheithauer
|
|
Batting: SHB Dave Barefoot
|
0-0: Called Strike 0-1: Ball 1-1: Swinging Strike 1-2: Ball 2-2: Strikes out swinging
|
|
Batting: LHB Jake Bill
|
0-0: Swinging Strike 0-1: Swinging Strike 0-2: Ball 1-2: Strikes out swinging
|
|
Batting: RHB Willie Cardamone
|
0-0: Foul Ball, location: 2F 0-1: Ball 1-1: Ball 2-1: Swinging Strike 2-2: Foul Ball, location: 2F 2-2: Foul Ball, location: 2F 2-2: Strikes out looking
|
| Top of the 5th over - 0 runs, 0 hits, 0 errors, 0 left on base; Cincinnati 3 - Los Angeles 3 |
| BOTTOM OF THE 5TH |
|
Los Angeles Dodgers batting - Pitching for Cincinnati Reds : RHP Curt Stevens
|
|
Batting: RHB Edwin Soto
|
0-0: Called Strike 0-1: SINGLE (Groundball, 6, EV 98.8 MPH)
|
|
Batting: RHB Jorge Severiano
|
0-0: Sac Bunt to 2R - play at first, batter OUT! 2-4 Edwin Soto to second
|
|
Batting: LHB Chris Ringwood
|
0-0: Called Strike 0-1: Ball 1-1: Ball 2-1: Foul Ball, location: 2F 2-2: Strikes out swinging
|
|
Batting: LHB Bob Branham
|
0-0: Ball 1-0: Swinging Strike 1-1: Ball 2-1: SINGLE (Groundball, 4MD, EV 111.9 MPH) Edwin Soto to third Runner from 3rd tries for Home, SAFE, throw by CF to home Bob Branham to second
|
|
Batting: LHB Lirak Bazhunaishvili
|
0-0: Ball 1-0: Ball 2-0: Foul Ball, location: 2F 2-1: Swinging Strike 2-2: Strikes out looking
|
| Bottom of the 5th over - 1 run, 2 hits, 0 errors, 1 left on base; Cincinnati 3 - Los Angeles 4 |
| TOP OF THE 6TH |
|
Cincinnati Reds batting - Pitching for Los Angeles Dodgers : RHP Justin Scheithauer
|
|
Batting: SHB Saulo Maina
|
0-0: Called Strike 0-1: Ball 1-1: Ground out 6-3 (Groundball, 6M, EV 76.9 MPH)
|
|
Batting: LHB Jesus Lozano
|
0-0: Ball 1-0: Ball 2-0: Ball 3-0: Base on Balls
|
|
Batting: LHB Sean Geisler
|
0-0: Ball 1-0: Ball 2-0: Ball 3-0: Called Strike 3-1: SINGLE (Line Drive, 89M, EV 105.0 MPH) Jesus Lozano to second Runner from 2nd tries for 3rd, SAFE, throw by CF made to third
|
|
Batting: RHB Fred Slade
|
0-0: Ball Sean Geisler steals 2nd base 1-0: Ball 2-0: Foul Ball, location: 2F 2-1: Fly out, F6 (Line Drive, 6, EV 68.1 MPH)
|
|
Batting: LHB Andy Arbuckle
|
0-0: Foul Ball, location: 2F 0-1: Ground out 5-3 (Groundball, 56, EV 102.5 MPH)
|
| Top of the 6th over - 0 runs, 1 hit, 0 errors, 2 left on base; Cincinnati 3 - Los Angeles 4 |
| BOTTOM OF THE 6TH |
|
Los Angeles Dodgers batting - Pitching for Cincinnati Reds : RHP Curt Stevens
|
|
Batting: RHB Clay Buchanan
|
0-0: Called Strike 0-1: Foul Ball, location: 2F 0-2: Ball 1-2: Foul Ball, location: 2F 1-2: Strikes out swinging
|
|
Batting: LHB Ryan Taylor
|
0-0: Ball 1-0: Ball 2-0: Ball 3-0: Base on Balls
|
|
Batting: RHB Tsutomu Irie
|
0-0: Called Strike 0-1: Ball 1-1: Ball 2-1: Ball 3-1: Grounds into double play, 4-6-3 (Groundball, 4MS, EV 77.5 MPH)
|
| Bottom of the 6th over - 0 runs, 0 hits, 0 errors, 0 left on base; Cincinnati 3 - Los Angeles 4 |
| TOP OF THE 7TH |
|
Cincinnati Reds batting - Pitching for Los Angeles Dodgers : RHP Justin Scheithauer
|
|
Batting: LHB Jon Ledesma
|
0-0: Called Strike 0-1: Ground out 6-3 (Groundball, 4MS, EV 91.3 MPH)
|
|
Batting: SHB Dave Barefoot
|
0-0: Ball 1-0: Ball 2-0: Called Strike 2-1: Foul Ball, location: 2F 2-2: Ground out 6-3 (Groundball, 56, EV 88.1 MPH)
|
|
Batting: LHB Jake Bill
|
0-0: Ball 1-0: Ball 2-0: SINGLE (Line Drive, 56D, EV 103.8 MPH)
|
|
Pitching: LHP Lance Crumpton
|
|
|
Batting: RHB Willie Cardamone
|
0-0: Ball 1-0: Ground out U3 (Groundball, 34S, EV 85.6 MPH)
|
| Top of the 7th over - 0 runs, 1 hit, 0 errors, 1 left on base; Cincinnati 3 - Los Angeles 4 |
| BOTTOM OF THE 7TH |
|
Los Angeles Dodgers batting - Pitching for Cincinnati Reds : RHP Curt Stevens
|
|
Batting: RHB Ben Mischnick
|
0-0: Called Strike 0-1: Ball 1-1: Foul Ball, location: 2F 1-2: Ball 2-2: Strikes out looking
|
|
Batting: RHB Edwin Soto
|
0-0: Ball 1-0: Ground out 5-3 (Groundball, 5, EV 87.5 MPH)
|
|
Batting: RHB Jorge Severiano
|
0-0: Called Strike 0-1: Swinging Strike 0-2: Ball 1-2: Strikes out swinging
|
| Bottom of the 7th over - 0 runs, 0 hits, 0 errors, 0 left on base; Cincinnati 3 - Los Angeles 4 |
| TOP OF THE 8TH |
|
Cincinnati Reds batting - Pitching for Los Angeles Dodgers : LHP Lance Crumpton
|
|
Batting: SHB Saulo Maina
|
0-0: Ball 1-0: Foul Ball, location: 2F 1-1: Called Strike 1-2: Ground out 6-3 (Groundball, 6MS, EV 69.4 MPH)
|
|
Pinch Hitting: RHB Reilly Hawkins
|
0-0: Called Strike 0-1: Ball 1-1: Ball 2-1: Called Strike 2-2: Foul Ball, location: 2F 2-2: Foul Ball, location: 2F 2-2: Ball 3-2: Strikes out swinging
|
|
Batting: LHB Sean Geisler
|
0-0: Foul Ball, location: 2F 0-1: Ball 1-1: Foul Ball, location: 2F 1-2: Ball 2-2: Ball 3-2: SINGLE (Groundball, 3S, EV 71.9 MPH) (infield hit)
|
|
Batting: RHB Fred Slade
|
0-0: SINGLE (Groundball, 6MD, EV 95.0 MPH) Sean Geisler to second Runner from 2nd tries for 3rd, SAFE, throw by CF made to third Fred Slade to second
|
|
Batting: LHB Andy Arbuckle
|
0-0: Called Strike 0-1: Ball 1-1: Ball 2-1: Foul Ball, location: 2F 2-2: 3-RUN HOME RUN (Flyball, 89XD, EV 99.4 MPH), Distance : 390 ft
|
|
Pitching: LHP Gabe Reyes
|
|
|
Batting: LHB Jon Ledesma
|
0-0: Ground out 4-3 (Groundball, 4, EV 103.8 MPH)
|
| Top of the 8th over - 3 runs, 3 hits, 0 errors, 0 left on base; Cincinnati 6 - Los Angeles 4 |
| BOTTOM OF THE 8TH |
|
Los Angeles Dodgers batting - Pitching for Cincinnati Reds : RHP Curt Stevens
|
|
Now at 2B: Saulo Maina
|
|
|
Now at 3B: Reilly Hawkins
|
|
|
Batting: LHB Chris Ringwood
|
0-0: Ball 1-0: Ball 2-0: Called Strike 2-1: Foul Ball, location: 2F 2-2: Foul Ball, location: 2F 2-2: Strikes out swinging
|
|
Pitching: RHP Gwidon Kaminski
|
|
|
Batting: LHB Bob Branham
|
0-0: Called Strike 0-1: Ball 1-1: Ground out 4-3 (Groundball, 34, EV 84.4 MPH)
|
|
Batting: LHB Lirak Bazhunaishvili
|
0-0: Ball 1-0: Fly out, F8 (Flyball, 78XD, EV 99.4 MPH)
|
| Bottom of the 8th over - 0 runs, 0 hits, 0 errors, 0 left on base; Cincinnati 6 - Los Angeles 4 |
| TOP OF THE 9TH |
|
Cincinnati Reds batting - Pitching for Los Angeles Dodgers : LHP Gabe Reyes
|
|
Batting: SHB Dave Barefoot
|
0-0: Ball 1-0: Ball 2-0: Foul Ball, location: 2F 2-1: Ball 3-1: Foul Ball, location: 2F 3-2: Fly out, F7 (Flyball, 78D, EV 110.6 MPH)
|
|
Batting: LHB Jake Bill
|
0-0: Called Strike 0-1: Swinging Strike 0-2: Strikes out swinging
|
|
Batting: RHB Willie Cardamone
|
0-0: Swinging Strike 0-1: Called Strike 0-2: Ball 1-2: Ball 2-2: Ball 3-2: Strikes out swinging
|
| Top of the 9th over - 0 runs, 0 hits, 0 errors, 0 left on base; Cincinnati 6 - Los Angeles 4 |
| BOTTOM OF THE 9TH |
|
Los Angeles Dodgers batting - Pitching for Cincinnati Reds : RHP Gwidon Kaminski
|
|
Pitching: LHP Paul Forbes
|
|
|
Batting: RHB Clay Buchanan
|
0-0: Ball 1-0: Ball 2-0: Ball 3-0: Called Strike 3-1: Base on Balls
|
|
Batting: LHB Ryan Taylor
|
0-0: Ball 1-0: Foul Ball, location: 2F 1-1: Ball Wild Pitch! Clay Buchanan to second 2-1: Ball 3-1: Called Strike 3-2: Strikes out swinging
|
|
Batting: RHB Tsutomu Irie
|
0-0: Called Strike 0-1: Ball Wild Pitch! Clay Buchanan to third 1-1: Ball 2-1: Called Strike Steal of home, Clay Buchanan is out 2-2: Strikes out swinging
|
| Bottom of the 9th over - 0 runs, 0 hits, 0 errors, 0 left on base; Cincinnati 6 - Los Angeles 4 |
|